 Dungeon Crawl Stone Soup version 0.21.1-1-g345015f (webtiles) character file.

205 kae the Insei (level 5, -3/38 HPs)
             Began as a Demonspawn Transmuter on May 21, 2018.
             Killed by nerve-wracking pain
             ... invoked by a shadow imp
             ... summoned by Eustachio
              (14 damage)
             ... on level 5 of the Dungeon.
             The game lasted 00:04:03 (4118 turns).

kae the Insei (Demonspawn Transmuter)               Turns: 4118, Time: 00:04:04

Health: -3/38      AC:  5    Str: 10    XL:     5   Next: 53%
Magic:  4/9        EV: 12    Int: 15    God:
Gold:   204        SH:  0    Dex: 14    Spells: 3/9 levels left

rFire    . . .     SeeInvis .     - Unarmed
rCold    . . .     Gourm    .   (no shield)
rNeg     . . .     Faith    .   b - +1 robe
rPois    .         Spirit   .   i - +1 hat
rElec    .         Reflect  .   m - +0 cloak
rCorr    .         Harm     .   (no gloves)
MR       .....                  (no boots)
Stlth    +.........             (no amulet)
HPRegen  0.12/turn              (no ring)
MPRegen  0.11/turn              (no ring)

@: very slightly contaminated
A: claws 1, spiny 2
a: no special abilities


You were on level 5 of the Dungeon.
You were not hungry.

You visited 2 branches of the dungeon, and saw 6 of its levels.

You collected 204 gold pieces.

Inventory:

Missiles
 a - 85 arrows
Armour
 b - a +1 robe (worn)
 i - a +1 hat (worn)
 m - a +0 cloak (worn)
Jewellery
 t - a +5 ring of evasion {unknown}
Wands
 r - a wand of enslavement (17)
Scrolls
 g - a scroll of teleportation
Potions
 h - 4 potions of curing
 j - a potion of resistance
 k - 2 potions of lignification
 q - a potion of might {unknown}
Books
 c - a book of Changes

   Spells                             Type                      Level
   a - Beastly Appendage              Transmutation                1
   b - Sticks to Snakes               Transmutation                2
   c - Spider Form                    Transmutation/Poison         3
   d - Ice Form                       Ice/Transmutation            4
   e - Blade Hands                    Transmutation                5
Comestibles
 d - 2 rations


   Skills:
 + Level 2.3 Fighting
 - Level 1.7 Dodging
 * Level 3.9 Unarmed Combat
 + Level 2.8 Spellcasting
 * Level 3.3 Transmutations


You had 3 spell levels left.
You knew the following spells:

 Your Spells              Type           Power        Failure   Level  Hunger
a - Beastly Appendage     Tmut           ##....       5%          1    #......
b - Sticks to Snakes      Tmut           ##......     8%          2    ##.....
c - Spider Form           Tmut/Pois      #.........   30%         3    ###....


Dungeon Overview and Level Annotations

Branches:
Dungeon (5/15)             Temple (1/1) D:4

Altars:
Ashenzari
Cheibriados
Dithmenos
Fedhas
Gozag
Hepliaklqana
Kikubaaqudgha
Makhleb
Okawaru
Qazlal
Sif Muna
Trog
Vehumet
Xom
Yredelemnul
The Shining One

Annotations:
D:3 2 transporters, exclusion: oklob plant
D:4 exclusion: ogre
D:5 Eustachio


Innate Abilities, Weirdness & Mutations

You have sharp fingernails.
You are mostly covered in sharp spines.


Message History

Your +0 cloak unmelds from your body.
Your +1 hat unmelds from your body.
Your +1 robe unmelds from your body.
The quokka bites you.
Eustachio casts a spell.
Eustachio blinks!
The white imp is struck by your spines.
The white imp hits you but does no damage.
The ufetubus barely misses you.
The ufetubus hits you but does no damage.
The rat bites you but does no damage. The quokka bites you.
The quokka barely misses you.
The white imp hits you but does no damage.
Eustachio gestures wildly while chanting.
Eustachio blinks!
The shadow imp is struck by your spines.
The shadow imp closely misses you. The ufetubus is struck by your spines.
The ufetubus hits you but does no damage.
The ufetubus hits you. The quokka bites you.
* * * LOW HITPOINT WARNING * * *
Eustachio mumbles some strange words.
The shadow imp gestures at you. Pain shoots through your body!
You die...

,,,,,,,,,,#.?..#.......,,,*
,**,,,,**,#....#........,,*
,,,,,,,,,,#....#........,,*
,,,,,,,,,,#....#........,,*
,,,,,,,,,,#....#........,,*
,,,,,,,,,,#....#........,,*
,,,,,,,...#..rr#..?.....,,*
,,,,,,......@r.55....#*,,**
,,,,,,.........5@.ยง..#*,,*******
,,,,,,....r.............,,,,,,,*
,,,,,,####..............,,,,,<,*
,*****,,................,,,,,,,**
,,,,,,,.................,,,,,,,,*
,,,,,*,.................,,,**,*,*
,,,,,**#................,,>,,,*,*
,,,,,,,*,.........#.....,,,,***,*
,,,,,,,,,,,,,,,,,,*,,,,,,,,,,,,,*


You could see Eustachio, a white imp, a shadow imp, an ufetubus, 2 quokkas and 2
rats.

Vanquished Creatures
  A jelly (D:4)
  2 orc wizards (D:4)
  A worker ant (D:4)
  A hound skeleton (D:4)
  An adder (D:2)
  An adder skeleton (D:4)
  3 worms
  2 dart slugs
  3 leopard geckos
  6 orcs
  5 bats
  2 giant cockroaches
  3 goblins (D:1)
  7 hobgoblins
  A jackal (D:2)
  A quokka (D:4)
  4 frilled lizards
  6 kobolds
  6 rats
56 creatures vanquished.

Vanquished Creatures (others)
  14 toadstools (D:3)
14 creatures vanquished.

Grand Total: 70 creatures vanquished

Notes
Turn   | Place    | Note
-------+----------+-------------------------------------------
     0 | D:1      | kae the Demonspawn Transmuter began the quest for the Orb.
     0 | D:1      | Reached XP level 1. HP: 15/15 MP: 3/3
   363 | D:1      | Gained mutation: You are partially covered in sharp spines. [demonic ancestry]
   363 | D:1      | Reached XP level 2. HP: 18/21 MP: 5/5
   367 | D:1      | Learned a level 2 spell: Sticks to Snakes
   906 | D:2      | Gained mutation: You have sharp fingernails. [demonic ancestry]
   906 | D:2      | Reached XP level 3. HP: 20/26 MP: 4/6
  1211 | D:2      | Learned a level 3 spell: Spider Form
  1411 | D:2      | Found a bloodstained altar of Trog.
  1556 | D:2      | Found a shattered altar of Ashenzari.
  1556 | D:2      | Found a hazy altar of Hepliaklqana.
  1557 | D:2      | Found an opulent altar of Gozag.
  1817 | D:3      | Found a transporter.
  1852 | D:3      | Found a transporter.
  1975 | D:3      | Found a blossoming altar of Fedhas.
  2011 | D:3      | Noticed an oklob plant
  2270 | D:3      | Gained mutation: You are mostly covered in sharp spines. [demonic ancestry]
  2270 | D:3      | Reached XP level 4. HP: 27/33 MP: 5/7
  2588 | D:4      | Noticed an ogre
  2749 | D:4      | Found a snail-covered altar of Cheibriados.
  2846 | D:4      | Found a staircase to the Ecumenical Temple.
  2880 | Temple   | Entered the Ecumenical Temple
  3204 | D:4      | Reached XP level 5. HP: 27/38 MP: 6/9
  4087 | D:5      | Entered Level 5 of the Dungeon
  4095 | D:5      | Noticed Eustachio
  4118 | D:5      | Killed from afar by a shadow imp

Skill      XL: |  1  2  3  4 |
---------------+-------------+-----
Transmutations | 2 3 |  3.3
Unarmed Combat | 3 |  3.9
Fighting       | 2 |  2.3
Dodging        | |  1.7
Spellcasting   | |  2.8

Action                   |  1- 3 |  4- 6 || total
-------------------------+-------+-------++-------
Melee: Unarmed           |   128 |    47 ||   175
       Headbutt          |     6 |     2 ||     8
       Kick              |    16 |     2 ||    18
       Punch             |       |     1 ||     1
 Cast: Beastly Appendage |    25 |     5 ||    30
       Spider Form       |       |     1 ||     1
  Use: Scroll            |       |     9 ||     9
  Eat: Chunk             |     5 |     4 ||     9
       Ration            |       |     1 ||     1
Armor: Robe              |    21 |    10 ||    31
       Skin              |       |     1 ||     1
Dodge: Dodged            |    76 |    41 ||   117
